 Dungeon Crawl Stone Soup version 0.31-a0-983-g7b6862f502 (webtiles) character file.

Game seed: 8291561864188270037

53 avis the Ducker (level 3, 16/16 HPs)
             Began as a Felid Shapeshifter on Nov 2, 2023.
             Got out of the dungeon alive.
             The game lasted 00:07:46 (1008 turns).

avis the Ducker (Felid Shapeshifter)                Turns: 1008, Time: 00:07:47

Health: 16/16      AC:  1    Str: 10    XL:     3   Next: 62%
Magic:  4/4        EV: 18    Int: 11    God:
Gold:   59         SH:  0    Dex: 17    Spells: 2/2 levels left
                                        Lives:  0   Deaths: 1

rFire   . .          .
                       - Unarmed
rCold   . . .        (shield unavailable)
rNeg    . . .        (body armour unavailable)
rPois   .            (helmet unavailable)
rElec   .            (cloak unavailable)
rCorr   .            (gloves unavailable)
SInv    +            (boots unavailable)
Will    .....        (no amulet)
Stlth   ++           (no ring)
HPRegen 0.22/turn    (no ring)
MPRegen 0.09/turn

%: no passive effects
@: beast-form, quick
A: beast (slay +2), very small, claws 1, fangs 3, see invisible, speed 1, shaggy
fur 1, stealthy paws, no weapons or thrown items, no armour, multi-lived
a: Begin Untransformation


You escaped.
You were a hulking beast.
You visited 1 branch of the dungeon, and saw 2 of its levels.

You collected 59 gold pieces.

Inventory:

Jewellery
 e - a ring of wizardry
Talismans
 b - a beast talisman
 c - a flux talisman
Scrolls
 f - a scroll of identify {unknown}
Potions
 a - a potion of lignification
 d - a potion of curing {unknown}
 g - a potion of enlightenment {unknown}


   Skills:
 - Level 2.0 Fighting
 - Level 4.0 Dodging
 - Level 3.0 Unarmed Combat
 * Level 3.9 Shapeshifting


You had 2 spell levels left.
You didn't know any spells.
Your spell library was empty.

Dungeon Overview and Level Annotations

Branches:
Dungeon (2/15)

Altars:


Innate Abilities, Weirdness & Mutations

You are a hulking beast.
Your limbs bulge with bestial killing power. (Slay +2)
You have sharp claws.
You have razor-sharp teeth.
You have supernaturally acute eyesight. (SInv)
You cover ground quickly. (Speed+)
You are covered in fur. (AC +1)
Your paws help you pounce on unaware monsters.
You are incapable of wielding weapons or throwing items.
You cannot wear armour.
You gain extra lives every three experience levels.


Message History

You see here a jackal corpse.
There is a stone staircase leading down here.
You climb downwards.
There is a stone staircase leading up here.
There is a stone staircase leading up here.
You climb upwards.
There is a stone staircase leading down here.
You see here a rat corpse.
You see here a ball python corpse.
There is a stone staircase leading down here.
You climb downwards.
The gnoll shouts!
The adder hisses angrily.
The gnoll shouts!
Found a sedimented white potion.
There is a stone staircase leading up here.
The gnoll completely misses you.
You climb upwards.
There is a stone staircase leading down here.
You scratch the gnoll.
The gnoll is moderately wounded.
The gnoll barely misses you.
You scratch the gnoll.
The gnoll is severely wounded.
The gnoll misses you.
You scratch the gnoll.
You kill the gnoll!
You start waiting.
Done waiting.
You climb downwards.
The gnoll hits you with a +0 whip! The gnoll hits you with a +0 flail!
Ouch! That really hurt!
You die...
Your shape twists and changes as you die.
The gnoll misses you. The gnoll barely misses you.
The gnoll throws a throwing net.
The throwing net misses you.
You rejoin the land of the living...
There is a stone staircase leading up here.
You climb upwards.
There is a stone staircase leading down here.
There is a staircase leading out of the dungeon here.
You have escaped!

...#..###.#...........#.####.#.#
####....##.....#.#.....##....#.#
#.####......#.#......######.#
#†# #......#.#....[.#......# #.#
#....#.#.#.#....#.###### #.#
#...##.#.#.##...#.#
#.####.....⌠#.#⌠.....#.#
#....#..#####.#####..#.#
##.#.........h.........#
#.###.†#####.#####..### #.#
#.....⌠#.#⌠.....# #.#
#...##.#.#.##...# #.#
#....#.#.#.#....# #.#
#......#.#......#
#####.###......#.#......#
.......###.....#.#.....##
#####...#.#...........#.#


There were no monsters in sight!

Vanquished Creatures
  A gnoll (D:1)
  6 ball pythons (D:1)
  7 bats (D:1)
  4 endoplasms (D:1)
  2 goblins (D:1)
  5 hobgoblins (D:1)
  7 jackals (D:1)
  4 frilled lizards (D:1)
  2 kobolds (D:1)
  2 rats (D:1)
40 creatures vanquished.

Notes
Turn   | Place    | Note
-------+----------+-------------------------------------------
     0 | D:1      | avis the Felid Shapeshifter began the quest for the Orb.
     0 | D:1      | Reached XP level 1. HP: 9/9 MP: 2/2
    82 | D:1      | Reached skill level 3 in Dodging
   120 | D:1      | Reached XP level 2. HP: 11/12 MP: 3/3
   348 | D:1      | Reached XP level 3. HP: 11/16 MP: 4/4
   623 | D:1      | Reached skill level 4 in Dodging
   979 | D:2      | Slain by a gnoll
  1008 | D:$      | Got out of the dungeon alive.

Illustrated notes

Levels and vault maps discovered:
D:1:      matt_arrival_grand_opening, layout_loops_ring, minmay_hexomino_f4
D:2:      layout_rooms, basic_altar, serial_shops,
          nicolae_shop_tiny_statue_garden, st_stairs_2

Skill      XL: |  1  2  3 |
---------------+----------+-----
Dodging        | 3 4 |  4.0
Fighting       | 2 |  2.0
Unarmed Combat | |  3.0
Shapeshifting  | |  3.9

Action                     || total
---------------------------++-------
  Melee: Unarmed           ||    87
         Bite              ||     5
         Punch             ||     1
   Stab: Sleeping          ||     2
 Armour: Skin              ||    15
  Dodge: Dodged            ||    67

Table legend: (Time is in decaauts)
 A = Elapsed time spent in this place.
 B = Non-inter-level travel time spent in this place.
 C = Inter-level travel time spent in this place.
 D = Time resting spent in this place.
 E = Time spent auto-exploring this place.
 F = Levels seen in this place.
 G = Mean time per level.
                   A        B        C        D        E       F      G
               +--------+--------+--------+--------+--------+-----+--------+
         Total |    857 |    797 |     60 |    147 |    402 |   2 |  428.5 |
       Dungeon |    857 |    797 |     60 |    147 |    402 |   2 |  428.5 |
               +--------+--------+--------+--------+--------+-----+--------+

Top non-repeatable levels by time:
     D:1: 847 daAuts
     D:2: 10 daAuts
